Sharks vs Flames

Created - April 18, 2024 at 22:45

Goals
1 2 3 T
Sharks 2 1 1 4
Flames 5 0 0 5
Shots
1 2 3 T
Sharks 7 13 10 30
Flames 12 16 10 38

1st period

1. Flames , Adam Fox 13 (Mark Stone 31, Alex DeBrincat 44) at 4:03 (PP)
2. Flames , Jared McCann 38 (Drake Batherson 26, Brayden Schenn 44) at 4:57 (PP)
3. Sharks , Nikita Kucherov 21 (Alex Ovechkin 31, Sidney Crosby 48) at 10:12
4. Flames , Jake DeBrusk 27 (Brayden Schenn 45) at 10:16
5. Flames , Mark Stone 27 (Brian Dumoulin 13, Alex DeBrincat 45) at 11:09
6. Sharks , Patrice Bergeron 26 (John Tavares 36, Zach Hyman 19) at 11:26
7. Flames , Yegor Sharangovich 14 (Kirby Dach 33, Adam Fox 63) at 12:19

Penalties :
Niko Mikkola (SJS) for Hooking (Minor) at 2:20, Nikita Kucherov (SJS) for Tripping (Minor) at 4:10, Jakub Vrana (SJS) for Hooking (Minor) at 13:48

2nd period

8. Sharks , Patrice Bergeron 27 (Zach Hyman 20) at 13:36

Penalties :
Brian Dumoulin (CAL) for Holding (Minor) at 3:43, Noah Hanifin (SJS) for Interference (Minor) at 6:31, Ivan Provorov (SJS) for Hooking (Minor) at 17:14, Nico Sturm (CAL) for Interference (Minor) at 19:32

3rd period

9. Sharks , Ryan O'Reilly 24 (John Tavares 37, Kevin Shattenkirk 39) at 1:13 (PP)

Penalties :
Yegor Sharangovich (CAL) for Hooking (Minor) at 16:47, Kevin Shattenkirk (SJS) for Interference (Minor) at 16:47

Goalie Stats

Vitek Vanecek (SJS), 29 saves from 30 shots - (0.967), L, 28-27-4, 48:01 minutes
Akira Schmid (SJS), 4 saves from 8 shots - (0.500), 11:09 minutes
Logan Thompson (CAL), 26 saves from 30 shots - (0.867), W, 30-10-1, 60:00 minutes

Players Stats for Sharks

Player Name              G  A  P  +/- PIM S  H  SB GA TA FO     MP     PP MP  PK MP  
------------------------------------------------------------------------------------
Alex Ovechkin            0  1  1   1  0   5  2  0  0  0  0/0    17:55   2:11   0:00 
Artturi Lehkonen         0  0  0  -2  0   2  1  0  0  0  0/2    20:37   1:29   0:34 
Colton Sissons           0  0  0  -1  0   2  3  1  0  0  1/1    14:34   0:00   2:48 
Guillaume Brisebois      0  0  0   0  0   0  0  2  0  0  0/0    19:16   0:00   4:26 
Ivan Provorov            0  0  0  -1  2   1  0  2  0  0  0/0    22:04   2:28   3:42 
Jakub Vrana              0  0  0  -1  2   1  0  0  0  0  0/0     6:38   0:00   0:00 
John Tavares             0  2  2   1  0   1  0  0  0  0  3/4    15:58   1:29   0:00 
Kevin Shattenkirk        0  1  1  -1  2   0  2  2  0  0  0/0    16:40   1:12   0:00 
Matt Martin              0  0  0   0  0   0  0  0  0  0  0/0     0:00   0:00   0:00 
Mattias Ekholm           0  0  0   1  0   0  5  1  0  0  0/0    18:03   0:00   1:15 
Nikita Kucherov          1  0  1   1  2   6  0  0  0  0  0/2    17:29   2:11   0:00 
Niko Mikkola             0  0  0   0  2   0  5  2  0  0  0/0    19:20   0:00   3:46 
Noah Hanifin             0  0  0   1  2   0  1  3  0  0  0/0    21:45   1:12   3:45 
Patrice Bergeron         2  0  2   1  0   4  2  0  0  0  10/19  18:06   2:28   2:48 
Phillip Danault          0  0  0  -1  0   0  1  0  0  0  8/18   11:55   0:00   5:16 
Ryan O'Reilly            1  0  1  -1  0   3  0  0  0  0  13/18  18:43   1:29   5:28 
Sidney Crosby            0  1  1   1  0   3  0  0  0  0  14/23  17:35   2:11   0:00 
Zach Hyman               0  2  2   1  0   2  0  0  0  0  0/1    12:50   0:00   0:00 

Players Stats for Flames

Player Name              G  A  P  +/- PIM S  H  SB GA TA FO     MP     PP MP  PK MP  
------------------------------------------------------------------------------------
Adam Fox                 1  1  2  -1  0   5  1  0  0  0  0/0    22:52   4:09   1:51 
Alex DeBrincat           0  2  2   1  0   2  3  0  0  0  0/1    16:24   4:14   0:00 
Alexander Wennberg       0  0  0  -1  0   2  1  0  0  0  7/15   13:57   0:19   1:45 
Anthony Cirelli          0  0  0   1  0   1  1  0  0  0  12/26  17:34   4:14   0:55 
Brayden Schenn           0  2  2   1  0   3  1  1  0  0  11/20  15:59   4:13   0:00 
Brian Dumoulin           0  1  1   1  2   0  0  1  0  0  0/0    16:12   0:00   0:46 
Colton Parayko           0  0  0   1  0   0  3  3  0  0  0/0    18:08   0:00   1:49 
Drake Batherson          0  1  1  -1  0   3  1  0  0  0  0/1    15:47   3:54   0:00 
J.J. Moser               0  0  0   0  0   1  1  2  0  0  0/0    20:40   4:18   1:03 
Jake DeBrusk             1  0  1   1  0   3  0  0  0  0  0/4    15:23   4:14   0:00 
Jared McCann             1  0  1   1  0   4  1  0  0  0  1/2    16:44   4:13   0:00 
Kirby Dach               0  1  1  -1  0   1  0  0  0  0  0/0    15:37   4:18   0:00 
Mark Stone               1  1  2   1  0   6  0  0  0  0  0/1    15:42   4:09   0:00 
Nick Leddy               0  0  0  -1  0   0  0  1  0  0  0/0    17:07   0:00   0:00 
Nico Sturm               0  0  0  -1  2   0  1  0  0  0  8/16   12:18   0:00   1:00 
Noah Cates               0  0  0  -1  0   5  1  0  0  0  0/1    13:48   0:00   1:55 
Ryan Lindgren            0  0  0   0  0   0  3  1  0  0  0/0    16:33   0:00   1:51 
Yegor Sharangovich       1  0  1  -1  2   2  0  0  0  0  0/1    13:33   0:00   1:45 

3 Stars

1 - Patrice Bergeron (SJS)
2 - Mark Stone (CAL)
3 - Alex DeBrincat (CAL)

Power Play

Sharks - 1 on 2 Attempt(s) - 50.00%
Flames - 2 on 5 Attempt(s) - 40.00%

Penalty Kill

Sharks - 3 on 5 Attempt(s) - 60.00% - Score 0 goal in Penalty Kill
Flames - 1 on 2 Attempt(s) - 50.00% - Score 0 goal in Penalty Kill

Team Stat

Sharks - Hits : 22 - Faceoff Wins : 49 - Blocked Shots : 13 - Penalty Minutes : 12
Flames - Hits : 18 - Faceoff Wins : 39 - Blocked Shots : 9 - Penalty Minutes : 6

Official

Referees : Dan O'Rourke and Justin Kea
Linesman : James Tobias and Derek Nansen

Game Notes

Vitek Vanecek enters game at 11:09 of 1st period

Finance

Level 1 -- Attendance: 6000 (100.00%) -- Ticket Income $630,000
Level 2 -- Attendance: 5000 (100.00%) -- Ticket Income $225,000
Level 3 -- Attendance: 2000 (100.00%) -- Ticket Income $80,000
Level 4 -- Attendance: 4000 (100.00%) -- Ticket Income $140,000
Luxury Box -- Attendance: 1000 (100.00%) -- Ticket Income $100,000
Game was played at the Pengrowth Saddledome.
Total Attendance: 18000 (100.00%)
Total Ticket Income: $1,175,000
Other Income: $575,750
Total Income: $1,750,750

Sharks

5 vs 5 Forward 
   Center                   Left Wing                Right Wing               Time % Phy DF OF 
 1 Ryan O'Reilly            Artturi Lehkonen         Colton Sissons           27     0   3  2  
 2 Sidney Crosby            Alex Ovechkin            Nikita Kucherov          27     0   0  5  
 3 Patrice Bergeron         John Tavares             Zach Hyman               27     0   2  3  
 4 Phillip Danault          Jakub Vrana              Artturi Lehkonen         19     0   4  1  

5 vs 5 Defense 
   Defense                  Defense                                           Time % Phy DF OF 
 1 Noah Hanifin             Mattias Ekholm                                    34     1   2  2  
 2 Kevin Shattenkirk        Ivan Provorov                                     33     1   2  2  
 3 Niko Mikkola             Guillaume Brisebois                               33     1   2  2  
 4 Niko Mikkola             Noah Hanifin                                      0      1   2  2  

PowerPlay Forward 
   Center                   Left Wing                Right Wing               Time % Phy DF OF 
 1 Sidney Crosby            Alex Ovechkin            Nikita Kucherov          60     0   1  4  
 2 Ryan O'Reilly            John Tavares             Artturi Lehkonen         40     0   1  4  

PowerPlay Defense
   Defense                  Defense                                           Time % Phy DF OF 
 1 Ivan Provorov            Patrice Bergeron                                  60     0   1  4  
 2 Noah Hanifin             Kevin Shattenkirk                                 40     0   1  4  

Penalty Kill 4 Players Forward 
   Center                   Wing                     Time % Phy DF OF 
 1 Phillip Danault          Ryan O'Reilly            60     0   5  0  
 2 Patrice Bergeron         Colton Sissons           40     0   5  0  

Penalty Kill 4 Players Defense
   Defense                  Defense                  Time % Phy DF OF 
 1 Niko Mikkola             Ivan Provorov            60     0   5  0  
 2 Noah Hanifin             Guillaume Brisebois      40     0   5  0  

Penalty Kill - 3 Players Forward 
   Forward                                           Time % Phy DF OF 
 1 Colton Sissons                                    60     1   2  2  
 2 Phillip Danault                                   40     1   2  2  

Penalty Kill - 3 Players Defense
   Defense                  Defense                  Time % Phy DF OF 
 1 Niko Mikkola             Ivan Provorov            60     1   2  2  
 2 Noah Hanifin             Guillaume Brisebois      40     1   2  2  

4 vs 4 Forward 
   Center                   Wing                     Time % Phy DF OF 
 1 John Tavares             Alex Ovechkin            60     0   1  4  
 2 Sidney Crosby            Nikita Kucherov          40     0   1  4  

4 vs 4 Defense
   Defense                  Defense                  Time % Phy DF OF 
 1 Kevin Shattenkirk        Ivan Provorov            60     1   2  2  
 2 Noah Hanifin             Niko Mikkola             40     1   2  2  

Last Minutes Offensive
   Center                   Left Wing                Right Wing               Defense                  Defense                  
   Sidney Crosby            Alex Ovechkin            Nikita Kucherov          John Tavares             Kevin Shattenkirk        

Last Minutes Defensive
   Center                   Left Wing                Right Wing               Defense                  Defense                  
   Ryan O'Reilly            Artturi Lehkonen         Colton Sissons           Ivan Provorov            Noah Hanifin             

Goaltenders
Starting : Akira Schmid             
Backup : Vitek Vanecek            

Extra Forwards
Normal : Sidney Crosby, Artturi Lehkonen, Phillip Danault - PP : Patrice Bergeron, Zach Hyman - PK : Artturi Lehkonen
Extra Defensemen
Normal : Kevin Shattenkirk, Niko Mikkola, Noah Hanifin - PP : Kevin Shattenkirk - PK : Niko Mikkola, Ivan Provorov
Penalty Shots
Artturi Lehkonen, Sidney Crosby, Ryan O'Reilly, Nikita Kucherov, Kevin Shattenkirk
Custom OT Lines Forwards
John Tavares, Artturi Lehkonen, Sidney Crosby, Alex Ovechkin, Nikita Kucherov, Zach Hyman, Ryan O'Reilly, Colton Sissons, Patrice Bergeron, Phillip Danault
Custom OT Lines Defensemen
Niko Mikkola, Noah Hanifin, Ivan Provorov, Guillaume Brisebois, Kevin Shattenkirk

Scratches
Alexander Edler (Bruised Left Shoulder Injury)

Flames

5 vs 5 Forward 
   Center                   Left Wing                Right Wing               Time % Phy DF OF 
 1 Anthony Cirelli          Alex DeBrincat           Mark Stone               25     0   3  2  
 2 Brayden Schenn           Jared McCann             Jake DeBrusk             25     0   3  2  
 3 Alexander Wennberg       Noah Cates               Drake Batherson          25     0   4  1  
 4 Nico Sturm               Yegor Sharangovich       Kirby Dach               25     0   4  1  

5 vs 5 Defense 
   Defense                  Defense                                           Time % Phy DF OF 
 1 Nick Leddy               Adam Fox                                          34     0   4  1  
 2 Brian Dumoulin           Colton Parayko                                    32     0   4  1  
 3 Ryan Lindgren            J.J. Moser                                        30     0   4  1  
 4 Colton Parayko           Adam Fox                                          4      0   4  1  

PowerPlay Forward 
   Center                   Left Wing                Right Wing               Time % Phy DF OF 
 1 Anthony Cirelli          Alex DeBrincat           Jake DeBrusk             50     0   0  5  
 2 Brayden Schenn           Jared McCann             Drake Batherson          50     0   0  5  

PowerPlay Defense
   Defense                  Defense                                           Time % Phy DF OF 
 1 Mark Stone               Adam Fox                                          50     0   1  4  
 2 Kirby Dach               J.J. Moser                                        50     0   1  4  

Penalty Kill 4 Players Forward 
   Center                   Wing                     Time % Phy DF OF 
 1 Alexander Wennberg       Yegor Sharangovich       50     0   5  0  
 2 Nico Sturm               Noah Cates               50     0   5  0  

Penalty Kill 4 Players Defense
   Defense                  Defense                  Time % Phy DF OF 
 1 Ryan Lindgren            Adam Fox                 50     0   4  1  
 2 Brian Dumoulin           Colton Parayko           50     0   4  1  

Penalty Kill - 3 Players Forward 
   Forward                                           Time % Phy DF OF 
 1 Nico Sturm                                        50     0   5  0  
 2 Alexander Wennberg                                50     0   5  0  

Penalty Kill - 3 Players Defense
   Defense                  Defense                  Time % Phy DF OF 
 1 Brian Dumoulin           Adam Fox                 50     0   4  1  
 2 Nick Leddy               Colton Parayko           50     0   4  1  

4 vs 4 Forward 
   Center                   Wing                     Time % Phy DF OF 
 1 Brayden Schenn           Alex DeBrincat           50     0   3  2  
 2 Anthony Cirelli          Jared McCann             50     0   3  2  

4 vs 4 Defense
   Defense                  Defense                  Time % Phy DF OF 
 1 J.J. Moser               Adam Fox                 50     0   4  1  
 2 Nick Leddy               Colton Parayko           50     0   4  1  

Last Minutes Offensive
   Center                   Left Wing                Right Wing               Defense                  Defense                  
   Brayden Schenn           Jared McCann             Mark Stone               J.J. Moser               Adam Fox                 

Last Minutes Defensive
   Center                   Left Wing                Right Wing               Defense                  Defense                  
   Alexander Wennberg       Anthony Cirelli          Mark Stone               Brian Dumoulin           Colton Parayko           

Goaltenders
Starting : Logan Thompson           
Backup : Spencer Knight           

Extra Forwards
Normal : Alexander Wennberg, Drake Batherson, Noah Cates - PP : Alexander Wennberg, Kirby Dach - PK : Anthony Cirelli
Extra Defensemen
Normal : Ryan Lindgren, Nick Leddy, Brian Dumoulin - PP : Colton Parayko - PK : J.J. Moser, Nick Leddy
Penalty Shots
Alex DeBrincat, Kirby Dach, Drake Batherson, Anthony Cirelli, Yegor Sharangovich
Custom OT Lines Forwards
Mark Stone, Jared McCann, Alex DeBrincat, Jake DeBrusk, Brayden Schenn, Alexander Wennberg, Drake Batherson, Anthony Cirelli, Kirby Dach, Noah Cates
Custom OT Lines Defensemen
Adam Fox, Colton Parayko, Brian Dumoulin, J.J. Moser, Nick Leddy

Scratches
John-Jason Peterka (Healthy), Troy Terry (Healthy), Kevin Stenlund (Healthy)

% Time on Ice - Sharks

Lines # - Real PCT - Wanted PCT - Time Play
Normal Forward
1 - 26% - 27% - 11:46
2 - 31% - 27% - 14:19
3 - 28% - 27% - 12:50
4 - 15% - 19% - 6:39
Normal Defense
1 - 37% - 34% - 16:48
2 - 32% - 33% - 14:36
3 - 31% - 33% - 14:10
4 - 0% - 0% - 0:00
PP Forward
1 - 60% - 60% - 2:11
2 - 40% - 40% - 1:29
PP Defense
1 - 67% - 60% - 2:28
2 - 33% - 40% - 1:12
PK Forward
1 - 67% - 60% - 5:39
2 - 33% - 40% - 2:48
PK Defense
1 - 66% - 60% - 5:35
2 - 34% - 40% - 2:52
PK3 Forward
1 - 0% - 60%
2 - 0% - 40%
PK3 Defense
1 - 0% - 60%
2 - 0% - 40%
44 Forward
1 - 66% - 60% - 1:19
2 - 34% - 40% - 0:40
44 Defense
1 - 100% - 60% - 1:59
2 - 0% - 40% - 0:00
Last Minute Offensive  - 0:20
Last Minute Defensive  - 0:00
Total
Forward - 60:00
Defense - 60:00

% Time on Ice - Flames

Lines # - Real PCT - Wanted PCT - Time Play
Normal Forward
1 - 24% - 25% - 11:03
2 - 25% - 25% - 11:09
3 - 26% - 25% - 11:53
4 - 25% - 25% - 11:19
Normal Defense
1 - 35% - 34% - 15:45
2 - 33% - 32% - 14:57
3 - 32% - 30% - 14:42
4 - 0% - 4% - 0:00
PP Forward
1 - 50% - 50% - 4:14
2 - 50% - 50% - 4:13
PP Defense
1 - 49% - 50% - 4:09
2 - 51% - 50% - 4:18
PK Forward
1 - 48% - 50% - 1:45
2 - 52% - 50% - 1:55
PK Defense
1 - 50% - 50% - 1:51
2 - 50% - 50% - 1:49
PK3 Forward
1 - 0% - 50%
2 - 0% - 50%
PK3 Defense
1 - 0% - 50%
2 - 0% - 50%
44 Forward
1 - 31% - 50% - 0:37
2 - 69% - 50% - 1:22
44 Defense
1 - 31% - 50% - 0:37
2 - 69% - 50% - 1:22
Last Minute Offensive  - 0:00
Last Minute Defensive  - 0:30
Total
Forward - 60:00
Defense - 60:00

Play-by-Play

1st period


0:01 of 1st period - Anthony Cirelli wins face-off versus Artturi Lehkonen in neutral zone.
0:03 of 1st period - Alex DeBrincat is hit by Mattias Ekholm and loses puck.
0:06 of 1st period - Shot by Anthony Cirelli.
0:06 of 1st period - Shot Misses the Net.
0:08 of 1st period - Shot by Mark Stone.
0:08 of 1st period - Shot Blocked by Mattias Ekholm.
0:10 of 1st period - Shot by Nick Leddy.
0:10 of 1st period - Shot Misses the Net.
0:35 of 1st period - Icing by Mattias Ekholm.
0:36 of 1st period - Colton Sissons wins face-off versus Brayden Schenn in Sharks zone.
0:36 of 1st period - Colton Sissons is hit by Brayden Schenn.
1:14 of 1st period - Alex Ovechkin is hit by Colton Parayko.
1:40 of 1st period - Shot by Nikita Kucherov.
1:40 of 1st period - Stopped by Logan Thompson without a rebound.
1:41 of 1st period - Nico Sturm wins face-off versus Patrice Bergeron in Flames zone.
1:49 of 1st period - Yegor Sharangovich is hit by Niko Mikkola.
2:18 of 1st period - Yegor Sharangovich is hit by Niko Mikkola and loses puck.
2:20 of 1st period - Minor Penalty to Niko Mikkola for Hooking.
2:21 of 1st period - Ryan O'Reilly wins face-off versus Anthony Cirelli in Sharks zone.
4:01 of 1st period - Shot by Adam Fox.
4:01 of 1st period - Stopped by Akira Schmid with a rebound.
4:03 of 1st period - Shot by Adam Fox.
4:03 of 1st period - Goal by Adam Fox - Sharks : 0 - Flames : 1.
4:04 of 1st period - Sidney Crosby wins face-off versus Alexander Wennberg in neutral zone.
4:10 of 1st period - Minor Penalty to Nikita Kucherov for Tripping.
4:11 of 1st period - Brayden Schenn wins face-off versus Phillip Danault in Sharks zone.
4:18 of 1st period - Shot by J.J. Moser.
4:18 of 1st period - Shot Misses the Net.
4:20 of 1st period - Shot by Drake Batherson.
4:20 of 1st period - Shot Misses the Net.
4:22 of 1st period - Shot by J.J. Moser.
4:22 of 1st period - Stopped by Akira Schmid without a rebound.
4:23 of 1st period - Patrice Bergeron wins face-off versus Anthony Cirelli in Sharks zone.
4:37 of 1st period - Icing by Adam Fox.
4:38 of 1st period - Anthony Cirelli wins face-off versus Phillip Danault in Flames zone.
4:51 of 1st period - Shot by Adam Fox.
4:51 of 1st period - Shot Misses the Net.
4:53 of 1st period - Shot by Adam Fox.
4:53 of 1st period - Stopped by Akira Schmid without a rebound.
4:54 of 1st period - Brayden Schenn wins face-off versus Phillip Danault in Sharks zone.
4:57 of 1st period - Shot by Drake Batherson.
4:57 of 1st period - Deflect By Jared McCann.
4:57 of 1st period - Goal by Jared McCann - Sharks : 0 - Flames : 2.
4:58 of 1st period - Patrice Bergeron wins face-off versus Noah Cates in neutral zone.
6:36 of 1st period - Icing by Ivan Provorov.
6:37 of 1st period - Nico Sturm wins face-off versus Sidney Crosby in Sharks zone.
6:48 of 1st period - Kevin Shattenkirk is hit by Nico Sturm and loses puck.
8:22 of 1st period - Shot by Artturi Lehkonen.
8:22 of 1st period - Shot Blocked by J.J. Moser.
8:27 of 1st period - Icing by Mark Stone.
8:28 of 1st period - Anthony Cirelli wins face-off versus Patrice Bergeron in Flames zone.
8:28 of 1st period - Anthony Cirelli is hit by Patrice Bergeron.
8:53 of 1st period - Alex DeBrincat is hit by Mattias Ekholm and loses puck.
10:10 of 1st period - Icing by Kirby Dach.
10:11 of 1st period - Sidney Crosby wins face-off versus Nico Sturm in Flames zone.
10:12 of 1st period - Shot by Alex Ovechkin.
10:12 of 1st period - Deflect By Nikita Kucherov.
10:12 of 1st period - Goal by Nikita Kucherov - Sharks : 1 - Flames : 2.
10:13 of 1st period - Brayden Schenn wins face-off versus Patrice Bergeron in neutral zone.
10:16 of 1st period - Shot by Jake DeBrusk.
10:16 of 1st period - Goal by Jake DeBrusk - Sharks : 1 - Flames : 3.
10:17 of 1st period - Sidney Crosby wins face-off versus Brayden Schenn in neutral zone.
10:34 of 1st period - Shot by Nikita Kucherov.
10:34 of 1st period - Stopped by Logan Thompson without a rebound.
10:35 of 1st period - Anthony Cirelli wins face-off versus Phillip Danault in Flames zone.
11:05 of 1st period - Shot by Mark Stone.
11:05 of 1st period - Deflect By Alex DeBrincat.
11:05 of 1st period - Stopped by Akira Schmid with a rebound.
11:09 of 1st period - Shot by Mark Stone.
11:09 of 1st period - Goal by Mark Stone - Sharks : 1 - Flames : 4.
11:09 of 1st period - Vitek Vanecek enters game.
11:10 of 1st period - Patrice Bergeron wins face-off versus Nico Sturm in neutral zone.
11:26 of 1st period - Shot by John Tavares.
11:26 of 1st period - Deflect By Patrice Bergeron.
11:26 of 1st period - Goal by Patrice Bergeron - Sharks : 2 - Flames : 4.
11:27 of 1st period - Sidney Crosby wins face-off versus Brayden Schenn in neutral zone.
11:57 of 1st period - Shot by Alex Ovechkin.
11:57 of 1st period - Stopped by Logan Thompson without a rebound.
11:58 of 1st period - Ryan O'Reilly wins face-off versus Nico Sturm in Flames zone.
12:00 of 1st period - Artturi Lehkonen is hit by Adam Fox and loses puck.
12:16 of 1st period - Kirby Dach is hit by Niko Mikkola and loses puck.
12:19 of 1st period - Shot by Yegor Sharangovich.
12:19 of 1st period - Goal by Yegor Sharangovich - Sharks : 2 - Flames : 5.
12:20 of 1st period - Patrice Bergeron wins face-off versus Mark Stone in neutral zone.
12:20 of 1st period - Ivan Provorov is hit by Anthony Cirelli and loses puck.
12:25 of 1st period - Shot by Ivan Provorov.
12:25 of 1st period - Shot Blocked by Colton Parayko.
13:48 of 1st period - Minor Penalty to Jakub Vrana for Hooking.
13:49 of 1st period - Phillip Danault wins face-off versus Brayden Schenn in Sharks zone.
13:49 of 1st period - Phillip Danault is hit by Jared McCann.
14:05 of 1st period - Shot by Kirby Dach.
14:05 of 1st period - Shot Misses the Net.
14:07 of 1st period - Shot by Jared McCann.
14:07 of 1st period - Shot Blocked by Noah Hanifin.
14:09 of 1st period - Shot by Jared McCann.
14:09 of 1st period - Shot Hit the Post.
14:13 of 1st period - Shot by Drake Batherson.
14:13 of 1st period - Shot Misses the Net.
14:19 of 1st period - Shot by Jared McCann.
14:19 of 1st period - Shot Blocked by Guillaume Brisebois.
14:47 of 1st period - Shot by Jake DeBrusk.
14:47 of 1st period - Shot Misses the Net.
14:49 of 1st period - Shot by Anthony Cirelli.
14:49 of 1st period - Shot Blocked by Ivan Provorov.
14:51 of 1st period - Shot by Anthony Cirelli.
14:51 of 1st period - Shot Misses the Net.
15:26 of 1st period - Shot by Jared McCann.
15:26 of 1st period - Stopped by Vitek Vanecek without a rebound.
15:27 of 1st period - Brayden Schenn wins face-off versus Artturi Lehkonen in Sharks zone.
15:27 of 1st period - Brayden Schenn is hit by Niko Mikkola.
15:35 of 1st period - Shot by Brayden Schenn.
15:35 of 1st period - Stopped by Vitek Vanecek without a rebound.
15:36 of 1st period - Phillip Danault wins face-off versus Jake DeBrusk in Sharks zone.
15:59 of 1st period - Shot by Alex Ovechkin.
15:59 of 1st period - Stopped by Logan Thompson without a rebound.
16:00 of 1st period - Nico Sturm wins face-off versus Patrice Bergeron in Flames zone.
17:00 of 1st period - Icing by J.J. Moser.
17:01 of 1st period - Ryan O'Reilly wins face-off versus Brayden Schenn in Flames zone.
17:07 of 1st period - Jake DeBrusk is hit by Colton Sissons and loses puck.
17:40 of 1st period - Shot by Ryan O'Reilly.
17:40 of 1st period - Deflect By Artturi Lehkonen.
17:40 of 1st period - Stopped by Logan Thompson with a rebound.
17:46 of 1st period - Niko Mikkola is hit by Drake Batherson and loses puck.
17:51 of 1st period - Shot by Noah Cates.
17:51 of 1st period - Stopped by Vitek Vanecek without a rebound.
17:52 of 1st period - Anthony Cirelli wins face-off versus Sidney Crosby in Sharks zone.
18:14 of 1st period - Shot by Adam Fox.
18:14 of 1st period - Shot Misses the Net.
18:16 of 1st period - Shot by Anthony Cirelli.
18:16 of 1st period - Shot Blocked by Ivan Provorov.
18:20 of 1st period - Shot by Alex DeBrincat.
18:20 of 1st period - Shot Blocked by Kevin Shattenkirk.
18:22 of 1st period - Shot by Anthony Cirelli.
18:22 of 1st period - Shot Misses the Net.
18:27 of 1st period - Icing by Ivan Provorov.
18:28 of 1st period - Nico Sturm wins face-off versus Sidney Crosby in Sharks zone.
18:55 of 1st period - Brian Dumoulin is hit by Alex Ovechkin and loses puck.
19:21 of 1st period - Nico Sturm is hit by Mattias Ekholm and loses puck.
Goals for this period are 2 for Sharks vs 5 for Flames.
Shots for this period are 7 for Sharks vs 12 for Flames.

2nd period


0:01 of 2nd period - Ryan O'Reilly wins face-off versus Brayden Schenn in neutral zone.
0:04 of 2nd period - J.J. Moser is hit by Colton Sissons and loses puck.
1:21 of 2nd period - Zach Hyman is hit by Ryan Lindgren and loses puck.
1:54 of 2nd period - Shot by Drake Batherson.
1:54 of 2nd period - Stopped by Vitek Vanecek without a rebound.
1:55 of 2nd period - Sidney Crosby wins face-off versus Anthony Cirelli in Sharks zone.
2:21 of 2nd period - Brian Dumoulin is hit by Alex Ovechkin and loses puck.
2:32 of 2nd period - Shot by Anthony Cirelli.
2:32 of 2nd period - Stopped by Vitek Vanecek without a rebound.
2:33 of 2nd period - Alexander Wennberg wins face-off versus Phillip Danault in Sharks zone.
2:33 of 2nd period - Adam Fox is hit by Niko Mikkola and loses puck.
2:49 of 2nd period - Shot by Alexander Wennberg.
2:49 of 2nd period - Shot Blocked by Niko Mikkola.
2:51 of 2nd period - Shot by Alexander Wennberg.
2:51 of 2nd period - Stopped by Vitek Vanecek without a rebound.
2:52 of 2nd period - Patrice Bergeron wins face-off versus Nico Sturm in Sharks zone.
3:25 of 2nd period - Shot by Patrice Bergeron.
3:25 of 2nd period - Stopped by Logan Thompson without a rebound.
3:26 of 2nd period - Ryan O'Reilly wins face-off versus Alexander Wennberg in Flames zone.
3:27 of 2nd period - Shot by Artturi Lehkonen.
3:27 of 2nd period - Shot Blocked by Colton Parayko.
3:43 of 2nd period - Minor Penalty to Brian Dumoulin for Holding.
3:44 of 2nd period - Sidney Crosby wins face-off versus Yegor Sharangovich in Flames zone.
3:49 of 2nd period - Shot by Sidney Crosby.
3:49 of 2nd period - Stopped by Logan Thompson without a rebound.
3:50 of 2nd period - Sidney Crosby wins face-off versus Nico Sturm in Flames zone.
3:57 of 2nd period - Shot by Noah Hanifin.
3:57 of 2nd period - Shot Misses the Net.
4:09 of 2nd period - Shot by Yegor Sharangovich.
4:09 of 2nd period - Shot Misses the Net.
4:57 of 2nd period - Shot by Ryan O'Reilly.
4:57 of 2nd period - Stopped by Logan Thompson without a rebound.
4:58 of 2nd period - Alexander Wennberg wins face-off versus Ryan O'Reilly in Flames zone.
5:04 of 2nd period - Icing by Ivan Provorov.
5:05 of 2nd period - John Tavares wins face-off versus Alexander Wennberg in Sharks zone.
5:34 of 2nd period - Shot by John Tavares.
5:34 of 2nd period - Shot Misses the Net.
5:45 of 2nd period - Icing by Colton Parayko.
5:46 of 2nd period - Sidney Crosby wins face-off versus Anthony Cirelli in Flames zone.
5:51 of 2nd period - Shot by Nikita Kucherov.
5:51 of 2nd period - Stopped by Logan Thompson without a rebound.
5:52 of 2nd period - Alexander Wennberg wins face-off versus Nikita Kucherov in Flames zone.
6:01 of 2nd period - Shot by Noah Cates.
6:01 of 2nd period - Stopped by Vitek Vanecek without a rebound.
6:02 of 2nd period - Anthony Cirelli wins face-off versus Nikita Kucherov in Sharks zone.
6:02 of 2nd period - Alex DeBrincat is hit by Mattias Ekholm and loses puck.
6:10 of 2nd period - Shot by Anthony Cirelli.
6:10 of 2nd period - Shot Blocked by Noah Hanifin.
6:31 of 2nd period - Minor Penalty to Noah Hanifin for Interference.
6:32 of 2nd period - Brayden Schenn wins face-off versus Phillip Danault in Sharks zone.
6:45 of 2nd period - Shot by Jared McCann.
6:45 of 2nd period - Shot Misses the Net.
6:49 of 2nd period - Shot by Brayden Schenn.
6:49 of 2nd period - Stopped by Vitek Vanecek without a rebound.
6:50 of 2nd period - Phillip Danault wins face-off versus Anthony Cirelli in Sharks zone.
7:06 of 2nd period - Shot by Alex DeBrincat.
7:06 of 2nd period - Stopped by Vitek Vanecek with a rebound.
7:08 of 2nd period - Shot by Adam Fox.
7:08 of 2nd period - Stopped by Vitek Vanecek without a rebound.
7:09 of 2nd period - Phillip Danault wins face-off versus Jared McCann in Sharks zone.
8:00 of 2nd period - Icing by Adam Fox.
8:01 of 2nd period - Phillip Danault wins face-off versus Anthony Cirelli in Flames zone.
8:14 of 2nd period - Shot by Ryan O'Reilly.
8:14 of 2nd period - Stopped by Logan Thompson without a rebound.
8:15 of 2nd period - Anthony Cirelli wins face-off versus Phillip Danault in Flames zone.
8:23 of 2nd period - Off-side.
8:24 of 2nd period - Patrice Bergeron wins face-off versus Brayden Schenn in neutral zone.
9:35 of 2nd period - Shot by Alexander Wennberg.
9:35 of 2nd period - Stopped by Vitek Vanecek without a rebound.
9:36 of 2nd period - Ryan O'Reilly wins face-off versus Jake DeBrusk in Sharks zone.
9:45 of 2nd period - Shot by Jared McCann.
9:45 of 2nd period - Shot Blocked by Colton Sissons.
10:13 of 2nd period - Shot by Brayden Schenn.
10:13 of 2nd period - Shot Misses the Net.
10:15 of 2nd period - Shot by Jake DeBrusk.
10:15 of 2nd period - Stopped by Vitek Vanecek without a rebound.
10:16 of 2nd period - Alexander Wennberg wins face-off versus Zach Hyman in Sharks zone.
10:16 of 2nd period - Alexander Wennberg is hit by Kevin Shattenkirk.
10:24 of 2nd period - Shot by Drake Batherson.
10:24 of 2nd period - Stopped by Vitek Vanecek with a rebound.
10:26 of 2nd period - Shot by Noah Cates.
10:26 of 2nd period - Stopped by Vitek Vanecek with a rebound.
11:16 of 2nd period - Shot by Artturi Lehkonen.
11:16 of 2nd period - Stopped by Logan Thompson without a rebound.
11:17 of 2nd period - Anthony Cirelli wins face-off versus Sidney Crosby in Flames zone.
11:36 of 2nd period - Icing by Niko Mikkola.
11:37 of 2nd period - Brayden Schenn wins face-off versus Sidney Crosby in Sharks zone.
11:40 of 2nd period - Shot by Jake DeBrusk.
11:40 of 2nd period - Shot Blocked by Guillaume Brisebois.
12:02 of 2nd period - Shot by Sidney Crosby.
12:02 of 2nd period - Stopped by Logan Thompson with a rebound.
12:04 of 2nd period - Shot by Niko Mikkola.
12:04 of 2nd period - Shot Blocked by Brayden Schenn.
12:06 of 2nd period - Shot by Alex Ovechkin.
12:06 of 2nd period - Stopped by Logan Thompson without a rebound.
12:07 of 2nd period - Ryan O'Reilly wins face-off versus Alex DeBrincat in Flames zone.
12:32 of 2nd period - J.J. Moser is hit by Colton Sissons.
12:38 of 2nd period - Shot by Ryan O'Reilly.
12:38 of 2nd period - Shot Blocked by J.J. Moser.
13:14 of 2nd period - Shot by Drake Batherson.
13:14 of 2nd period - Stopped by Vitek Vanecek with a rebound.
13:34 of 2nd period - Shot by Zach Hyman.
13:34 of 2nd period - Shot Misses the Net.
13:36 of 2nd period - Shot by Patrice Bergeron.
13:36 of 2nd period - Goal by Patrice Bergeron - Sharks : 3 - Flames : 5.
13:37 of 2nd period - Sidney Crosby wins face-off versus Jake DeBrusk in neutral zone.
13:52 of 2nd period - Shot by Alex Ovechkin.
13:52 of 2nd period - Stopped by Logan Thompson without a rebound.
13:53 of 2nd period - Patrice Bergeron wins face-off versus Nico Sturm in Flames zone.
13:58 of 2nd period - Shot by John Tavares.
13:58 of 2nd period - Stopped by Logan Thompson without a rebound.
13:59 of 2nd period - Nico Sturm wins face-off versus Patrice Bergeron in Flames zone.
13:59 of 2nd period - Nico Sturm is hit by Patrice Bergeron.
14:52 of 2nd period - Icing by Niko Mikkola.
14:53 of 2nd period - Alexander Wennberg wins face-off versus Patrice Bergeron in Sharks zone.
15:12 of 2nd period - Icing by Adam Fox.
15:13 of 2nd period - Alexander Wennberg wins face-off versus Phillip Danault in Flames zone.
15:13 of 2nd period - Alexander Wennberg is hit by Phillip Danault.
15:21 of 2nd period - Shot by Alexander Wennberg.
15:21 of 2nd period - Shot Misses the Net.
16:03 of 2nd period - Icing by Mattias Ekholm.
16:04 of 2nd period - Phillip Danault wins face-off versus Anthony Cirelli in Sharks zone.
16:04 of 2nd period - Phillip Danault is hit by Alex DeBrincat.
16:27 of 2nd period - Shot by Mark Stone.
16:27 of 2nd period - Stopped by Vitek Vanecek without a rebound.
16:28 of 2nd period - Patrice Bergeron wins face-off versus Jake DeBrusk in Sharks zone.
16:41 of 2nd period - Shot by Patrice Bergeron.
16:41 of 2nd period - Stopped by Logan Thompson without a rebound.
16:42 of 2nd period - Sidney Crosby wins face-off versus Nico Sturm in Flames zone.
17:01 of 2nd period - Shot by Alex Ovechkin.
17:01 of 2nd period - Stopped by Logan Thompson without a rebound.
17:02 of 2nd period - Brayden Schenn wins face-off versus Ryan O'Reilly in Flames zone.
17:13 of 2nd period - Shot by Jared McCann.
17:13 of 2nd period - Stopped by Vitek Vanecek with a rebound.
17:14 of 2nd period - Minor Penalty to Ivan Provorov for Hooking.
17:15 of 2nd period - Phillip Danault wins face-off versus Anthony Cirelli in Sharks zone.
17:15 of 2nd period - Phillip Danault is hit by Alex DeBrincat.
17:43 of 2nd period - Shot by Alex DeBrincat.
17:43 of 2nd period - Shot Misses the Net.
17:45 of 2nd period - Shot by Anthony Cirelli.
17:45 of 2nd period - Shot Blocked by Noah Hanifin.
17:47 of 2nd period - Shot by Anthony Cirelli.
17:47 of 2nd period - Shot Hit the Post.
17:49 of 2nd period - Shot by J.J. Moser.
17:49 of 2nd period - Shot Misses the Net.
18:12 of 2nd period - Shot by Jared McCann.
18:12 of 2nd period - Shot Misses the Net.
18:14 of 2nd period - Shot by Mark Stone.
18:14 of 2nd period - Shot Misses the Net.
18:16 of 2nd period - Shot by Jared McCann.
18:16 of 2nd period - Stopped by Vitek Vanecek with a rebound.
18:18 of 2nd period - Shot by Mark Stone.
18:18 of 2nd period - Stopped by Vitek Vanecek without a rebound.
18:19 of 2nd period - Brayden Schenn wins face-off versus Phillip Danault in Sharks zone.
18:26 of 2nd period - Shot by Jared McCann.
18:26 of 2nd period - Shot Misses the Net.
19:23 of 2nd period - Nico Sturm is hit by Kevin Shattenkirk and loses puck.
19:32 of 2nd period - Minor Penalty to Nico Sturm for Interference.
19:33 of 2nd period - Anthony Cirelli wins face-off versus Sidney Crosby in Flames zone.
19:53 of 2nd period - Shot by Patrice Bergeron.
19:53 of 2nd period - Shot Misses the Net.
Goals for this period are 1 for Sharks vs 0 for Flames.
Shots for this period are 13 for Sharks vs 16 for Flames.

3rd period


0:01 of 3rd period - Sidney Crosby wins face-off versus Anthony Cirelli in neutral zone.
0:18 of 3rd period - Shot by Sidney Crosby.
0:18 of 3rd period - Shot Misses the Net.
0:27 of 3rd period - Icing by Ivan Provorov.
0:28 of 3rd period - Anthony Cirelli wins face-off versus Sidney Crosby in Sharks zone.
0:47 of 3rd period - Shot by Nikita Kucherov.
0:47 of 3rd period - Shot Blocked by Ryan Lindgren.
0:49 of 3rd period - Shot by Ivan Provorov.
0:49 of 3rd period - Stopped by Logan Thompson without a rebound.
0:50 of 3rd period - Alexander Wennberg wins face-off versus Ryan O'Reilly in Flames zone.
1:13 of 3rd period - Shot by Ryan O'Reilly.
1:13 of 3rd period - Goal by Ryan O'Reilly - Sharks : 4 - Flames : 5.
1:14 of 3rd period - Phillip Danault wins face-off versus Brayden Schenn in neutral zone.
1:16 of 3rd period - Artturi Lehkonen is hit by Colton Parayko and loses puck.
1:30 of 3rd period - Phillip Danault is hit by Colton Parayko and loses puck.
1:41 of 3rd period - Shot by Jakub Vrana.
1:41 of 3rd period - Stopped by Logan Thompson without a rebound.
1:42 of 3rd period - Patrice Bergeron wins face-off versus Anthony Cirelli in Flames zone.
1:53 of 3rd period - Shot by Zach Hyman.
1:53 of 3rd period - Stopped by Logan Thompson without a rebound.
1:54 of 3rd period - Sidney Crosby wins face-off versus Drake Batherson in Flames zone.
1:54 of 3rd period - Kevin Shattenkirk is hit by J.J. Moser and loses puck.
2:30 of 3rd period - Icing by Ryan Lindgren.
2:31 of 3rd period - Ryan O'Reilly wins face-off versus Alexander Wennberg in Flames zone.
3:41 of 3rd period - Artturi Lehkonen is hit by Alex DeBrincat and loses puck.
4:01 of 3rd period - Off-side.
4:02 of 3rd period - Patrice Bergeron wins face-off versus Nico Sturm in neutral zone.
4:07 of 3rd period - Icing by Colton Parayko.
4:08 of 3rd period - Nico Sturm wins face-off versus Patrice Bergeron in Flames zone.
5:22 of 3rd period - Shot by Jake DeBrusk.
5:22 of 3rd period - Stopped by Vitek Vanecek with a rebound.
5:26 of 3rd period - Shot by Brayden Schenn.
5:26 of 3rd period - Shot Misses the Net.
5:46 of 3rd period - Shot by Anthony Cirelli.
5:46 of 3rd period - Shot Misses the Net.
5:48 of 3rd period - Shot by Mark Stone.
5:48 of 3rd period - Stopped by Vitek Vanecek without a rebound.
5:49 of 3rd period - Sidney Crosby wins face-off versus Alexander Wennberg in Sharks zone.
5:49 of 3rd period - Sidney Crosby is hit by Alexander Wennberg.
5:59 of 3rd period - Shot by Sidney Crosby.
5:59 of 3rd period - Shot Misses the Net.
6:15 of 3rd period - Nikita Kucherov is hit by Noah Cates.
6:27 of 3rd period - Shot by Nikita Kucherov.
6:27 of 3rd period - Stopped by Logan Thompson without a rebound.
6:28 of 3rd period - Ryan O'Reilly wins face-off versus Anthony Cirelli in Flames zone.
6:31 of 3rd period - Shot by Colton Sissons.
6:31 of 3rd period - Stopped by Logan Thompson without a rebound.
6:32 of 3rd period - Ryan O'Reilly wins face-off versus Anthony Cirelli in Flames zone.
8:48 of 3rd period - Shot by Kirby Dach.
8:48 of 3rd period - Shot Blocked by Kevin Shattenkirk.
9:20 of 3rd period - Shot by Adam Fox.
9:20 of 3rd period - Stopped by Vitek Vanecek with a rebound.
9:22 of 3rd period - Shot by Noah Cates.
9:22 of 3rd period - Stopped by Vitek Vanecek without a rebound.
9:23 of 3rd period - Anthony Cirelli wins face-off versus Phillip Danault in Sharks zone.
9:30 of 3rd period - Shot by Mark Stone.
9:30 of 3rd period - Shot Misses the Net.
9:32 of 3rd period - Shot by Mark Stone.
9:32 of 3rd period - Stopped by Vitek Vanecek with a rebound.
10:19 of 3rd period - Shot by Noah Cates.
10:19 of 3rd period - Shot Misses the Net.
10:21 of 3rd period - Shot by Alexander Wennberg.
10:21 of 3rd period - Shot Misses the Net.
10:23 of 3rd period - Shot by Noah Cates.
10:23 of 3rd period - Stopped by Vitek Vanecek without a rebound.
10:24 of 3rd period - Jared McCann wins face-off versus Patrice Bergeron in Sharks zone.
10:34 of 3rd period - Zach Hyman is hit by Ryan Lindgren and loses puck.
10:47 of 3rd period - Shot by Brayden Schenn.
10:47 of 3rd period - Shot Misses the Net.
11:10 of 3rd period - Icing by Jared McCann.
11:11 of 3rd period - Brayden Schenn wins face-off versus Sidney Crosby in Flames zone.
11:38 of 3rd period - Shot by Yegor Sharangovich.
11:38 of 3rd period - Stopped by Vitek Vanecek without a rebound.
11:39 of 3rd period - Ryan O'Reilly wins face-off versus Anthony Cirelli in Sharks zone.
11:41 of 3rd period - Icing by Noah Hanifin.
11:42 of 3rd period - Nico Sturm wins face-off versus Ryan O'Reilly in Sharks zone.
11:55 of 3rd period - Colton Parayko is hit by Artturi Lehkonen and loses puck.
12:04 of 3rd period - Shot by Kirby Dach.
12:04 of 3rd period - Stopped by Vitek Vanecek without a rebound.
12:05 of 3rd period - Anthony Cirelli wins face-off versus Patrice Bergeron in Sharks zone.
12:14 of 3rd period - Shot by Adam Fox.
12:14 of 3rd period - Shot Blocked by Niko Mikkola.
12:16 of 3rd period - Shot by Anthony Cirelli.
12:16 of 3rd period - Shot Misses the Net.
13:15 of 3rd period - Icing by Alexander Wennberg.
13:16 of 3rd period - Sidney Crosby wins face-off versus Alexander Wennberg in Flames zone.
13:26 of 3rd period - Shot by Sidney Crosby.
13:26 of 3rd period - Stopped by Logan Thompson with a rebound.
13:28 of 3rd period - Shot by Alex Ovechkin.
13:28 of 3rd period - Shot Misses the Net.
13:32 of 3rd period - Shot by Alex Ovechkin.
13:32 of 3rd period - Shot Blocked by Colton Parayko.
13:34 of 3rd period - Shot by Mattias Ekholm.
13:34 of 3rd period - Shot Misses the Net.
13:36 of 3rd period - Shot by Nikita Kucherov.
13:36 of 3rd period - Shot Blocked by Brian Dumoulin.
13:58 of 3rd period - Shot by Mattias Ekholm.
13:58 of 3rd period - Shot Misses the Net.
15:15 of 3rd period - Shot by Patrice Bergeron.
15:15 of 3rd period - Deflect By Zach Hyman.
15:15 of 3rd period - Stopped by Logan Thompson without a rebound.
15:16 of 3rd period - Brayden Schenn wins face-off versus Sidney Crosby in Flames zone.
16:20 of 3rd period - Shot by Mark Stone.
16:20 of 3rd period - Stopped by Vitek Vanecek without a rebound.
16:21 of 3rd period - Ryan O'Reilly wins face-off versus Alexander Wennberg in Sharks zone.
16:27 of 3rd period - Icing by J.J. Moser.
16:28 of 3rd period - Ryan O'Reilly wins face-off versus Alexander Wennberg in Flames zone.
16:29 of 3rd period - Shot by Colton Sissons.
16:29 of 3rd period - Stopped by Logan Thompson without a rebound.
16:30 of 3rd period - Nico Sturm wins face-off versus Ryan O'Reilly in Flames zone.
16:47 of 3rd period - Minor Penalty to Yegor Sharangovich for Hooking.
16:47 of 3rd period - Minor Penalty to Kevin Shattenkirk for Interference.
16:48 of 3rd period - Brayden Schenn wins face-off versus John Tavares in Sharks zone.
17:10 of 3rd period - Shot by Brayden Schenn.
17:10 of 3rd period - Stopped by Vitek Vanecek without a rebound.
17:11 of 3rd period - John Tavares wins face-off versus Anthony Cirelli in Sharks zone.
17:57 of 3rd period - Nick Leddy is hit by Noah Hanifin and loses puck.
18:10 of 3rd period - Shot by Sidney Crosby.
18:10 of 3rd period - Shot Blocked by Nick Leddy.
18:16 of 3rd period - Shot by Noah Hanifin.
18:16 of 3rd period - Shot Misses the Net.
18:32 of 3rd period - Shot by Nikita Kucherov.
18:32 of 3rd period - Stopped by Logan Thompson without a rebound.
18:33 of 3rd period - John Tavares wins face-off versus Brayden Schenn in Flames zone.
18:55 of 3rd period - J.J. Moser is hit by Mattias Ekholm and loses puck.
19:10 of 3rd period - Sharks, Vitek Vanecek is pulled from the net.
19:11 of 3rd period - Artturi Lehkonen is hit by Ryan Lindgren and loses puck.
Goals for this period are 1 for Sharks vs 0 for Flames.
Shots for this period are 10 for Sharks vs 10 for Flames.